 Dungeon Crawl Stone Soup version 0.22-a0-423-g4197694 (webtiles) character file.

32 iamserjio the Ducker (level 3, -1/18 HPs)
             Began as a Spriggan Transmuter on May 23, 2018.
             Killed from afar by a white imp (9 damage)
             ... with a puff of frost
             ... summoned by Natasha
             ... on level 2 of the Dungeon.
             The game lasted 00:02:27 (1159 turns).

iamserjio the Ducker (Spriggan Transmuter)          Turns: 1159, Time: 00:02:28

Health: -1/18      AC:  2    Str:  7    XL:     3   Next: 8%
Magic:  7/8        EV: 19    Int: 14    God:
Gold:   39         SH:  0    Dex: 16    Spells: 7/8 levels left

rFire    . . .     SeeInvis +     - Unarmed
rCold    . . .     Gourm    .   (shield restricted)
rNeg     . . .     Faith    .   b - +0 robe
rPois    .         Spirit   .   (helmet restricted)
rElec    .         Reflect  .   (no cloak)
rCorr    .         Harm     .   (gloves unavailable)
MR       .....                  (boots unavailable)
Stlth    +.........             (no amulet)
HPRegen  0.06/turn              (no ring)
MPRegen  0.11/turn              (no ring)

@: appendage, very quick
A: very small, unfitting armour, talons 3, see invisible, herbivore, speed 3,
slow metabolism 2
a: End Transformation


You were on level 2 of the Dungeon.
You were not hungry.
You had grown temporary talons.
You visited 1 branch of the dungeon, and saw 2 of its levels.

You collected 39 gold pieces.

Inventory:

Missiles
 a - 33 arrows
Armour
 b - a +0 robe (worn)
Scrolls
 c - 2 scrolls of teleportation {unknown}
 e - a scroll of amnesia {unknown}
 f - a scroll of enchant weapon {unknown}
Potions
 g - a potion of haste {unknown}
 h - a potion of cancellation {unknown}
Comestibles
 d - 5 rations


   Skills:
 - Level 1.0 Fighting
 * Level 3.8 Dodging
 * Level 2.7 Unarmed Combat
 - Level 3.0 Spellcasting
 * Level 3.3 Transmutations


You had 7 spell levels left.
You knew the following spells:

 Your Spells              Type           Power        Failure   Level  Hunger
a - Beastly Appendage     Tmut           ##....       5%          1    #......

Your spell library contained the following spells:

 Spells                   Type           Power        Failure   Level  Hunger
 Spider Form              Tmut/Pois      #.........   32%         3    ###....
 Blade Hands              Tmut           ##........   83%         5    ######.
 Ice Form                 Ice/Tmut       #.......     73%         4    #####..
 Sticks to Snakes         Tmut           ##......     9%          2    ##.....


Dungeon Overview and Level Annotations

Branches:
Dungeon (2/15)

Altars:

Annotations:
D:2 Natasha


Innate Abilities, Weirdness & Mutations

You are very small and have problems with some larger weapons.
You are too small for most types of armour.
You have supernaturally acute eyesight. (SInv)
You are a herbivore.
You cover ground extremely quickly.
You need to consume almost no food.
You have claws for feet.


Message History

You kill the leopard gecko!
No target in view!
You see here a dart slug corpse.
Natasha, Servant of Life and Death comes into view.
Natasha is nearby!
Casting: Beastly Appendage (safe; 5% risk of failure)
Confirm with . or Enter, or press ? or * to list all spells.
Your feet morph into talons.
Natasha hisses angrily.
Natasha claws you!
You closely miss Natasha. You claw Natasha.
Natasha is lightly wounded.
Natasha mumbles some strange words.
You hit Natasha.
Natasha is moderately wounded.
Natasha completely misses you. The white imp gestures at you.
The puff of frost hits you!
Ouch! That really hurt!
You die...

#.#...####
#........+
####.#...####
#.†.†....#
#.##.###.#
#.##..# .#
#.###.# #
#.###.##.#
#@#......#
#5.h.....#
###.#.##.# .#
.# .# .# ..
##


You could see Natasha and a white imp.

Vanquished Creatures
  An ooze (D:1)
  3 dart slugs
  2 leopard geckos
  4 bats (D:1)
  4 hobgoblins (D:1)
  A frilled lizard (D:1)
  A kobold (D:1)
  5 rats (D:1)
21 creatures vanquished.

Notes
Turn   | Place    | Note
-------+----------+-------------------------------------------
     0 | D:1      | iamserjio the Spriggan Transmuter began the quest for the Orb.
     0 | D:1      | Reached XP level 1. HP: 9/9 MP: 5/5
   350 | D:1      | Reached XP level 2. HP: 9/14 MP: 4/6
   352 | D:1      | Reached skill level 1 in Fighting
  1137 | D:2      | Reached XP level 3. HP: 18/18 MP: 8/8
  1152 | D:2      | Noticed Natasha
  1159 | D:2      | Killed from afar by a white imp

Vault maps used:
D:1:      wheals_arrival_linesprint, minmay_misc_feat_encased
D:2:      grunt_temple_overflow_order_and_chaos_1, lemuel_crystal_altar,
          yredelemnul_forgotten_temple_becter, first_ration, uniq_natasha,
          uniq_jessica

Skill      XL: |  1  2 |
---------------+-------+-----
Transmutations | 3 |  3.3
Fighting       | 1 |  1.0
Spellcasting   | 3 |  3.0
Dodging        | |  3.8
Unarmed Combat | |  2.7

Action                   || total
-------------------------++-------
Melee: Unarmed           ||    81
       Headbutt          ||     4
       Kick              ||     2
       Punch             ||     1
 Cast: Beastly Appendage ||     4
Armor: Robe              ||     8
Dodge: Dodged            ||    46

Table legend:
 A = Spawn XP
 B = Non-spawn XP
 C = Spawn XP percentage of total XP
 D = Spawn monster count
 E = Non-spawn monster count
 F = Spawn count percentage of total count
 G = Total turns spent on level
                    A         B        C        D         E        F      G
               +---------+---------+-------+---------+---------+-------+---------
         Total |       0 |      46 |   0.0 |       0 |      21 |   0.0 |  1159
               +---------+---------+-------+---------+---------+-------+---------
           D:1 |       0 |      39 |   0.0 |       0 |      19 |   0.0 |  1106
           D:2 |       0 |       7 |   0.0 |       0 |       2 |   0.0 |    53
               +---------+---------+-------+---------+---------+-------+---------
